 Dungeon Crawl Stone Soup version 0.22-a0-159-g7ce444f (webtiles) character file.

119 mhoghedin the Magician (level 4, 0/24 HPs)
             Began as a Deep Elf Fire Elementalist on Feb 9, 2018.
             Killed from afar by mhoghedin's ghost (7 damage)
             ... with a puff of frost
             ... on level 3 of the Dungeon.
             The game lasted 00:06:03 (3072 turns).

mhoghedin the Magician (Deep Elf Fire Elementalist) Turns: 3072, Time: 00:06:04

Health: 0/24       AC:  5    Str:  5    XL:     4   Next: 73%
Magic:  0/12       EV: 13    Int: 21    God:
Gold:   102        SH:  0    Dex: 15    Spells: 2/11 levels left

rFire    + . .     SeeInvis .   a - +0 club
rCold    . . .     Gourm    .   (no shield)
rNeg     . . .     Faith    .   d - +1 leather armour {rF+}
rPois    .         Spirit   .   (no helmet)
rElec    .         Reflect  .   (no cloak)
rCorr    .         Harm     .   l - +0 pair of gloves
MR       .....                  (no boots)
Stlth    ++........             (no amulet)
HPRegen  0.08/turn              (no ring)
MPRegen  0.13/turn              (no ring)

@: no status effects
A: no striking features
a: no special abilities


You were on level 3 of the Dungeon.
You were not hungry.

You visited 1 branch of the dungeon, and saw 3 of its levels.

You collected 102 gold pieces.

Inventory:

Hand Weapons
 a - a +0 club (weapon)
   (You took it off a kobold on level 1 of the Dungeon)
Armour
 d - a +1 leather armour of fire resistance (worn)
   (You found it on level 1 of the Dungeon)
 l - a +0 pair of gloves (worn)
   (You found it on level 2 of the Dungeon)
Magical Staves
 o - an uncursed staff of energy {unknown}
   (You found it on level 3 of the Dungeon)
Scrolls
 f - a scroll of identify
 h - a scroll of amnesia {unknown}
 i - a scroll of enchant armour {unknown}
 k - a scroll of enchant weapon {unknown}
Potions
 e - a potion of degeneration {unknown}
 g - 2 potions of heal wounds
 j - a potion of curing {unknown}
 m - a potion of flight {unknown}
 n - a potion of agility {unknown}
Books
 b - a book of Flames
Comestibles
 c - 5 rations


   Skills:
 + Level 3.6 Dodging
 - Level 2.4 Stealth
 + Level 4.2 Spellcasting
 + Level 2.6 Conjurations
 + Level 0.1 Hexes
 + Level 4.1 Fire Magic


You had 2 spell levels left.
You knew the following spells:

 Your Spells              Type           Power        Failure   Level  Hunger
a - Flame Tongue          Conj/Fire      ###..        4%          1    None
b - Inner Flame           Hex/Fire       ##......     24%         3    ###....
c - Conjure Flame         Conj/Fire      ###.....     14%         3    ###....
x - Throw Flame           Conj/Fire      ###...       8%          2    #......


Dungeon Overview and Level Annotations

Branches:
Dungeon (3/15)

Altars:
Fedhas

Annotations:
D:3 mhoghedin's ghost, amateur DrIE


Message History

You now have 6/12 mp.
You don't know that spell.
Unknown command.
Okay, then.
Unknown command.
You miscast Conjure Flame.
You are very lightly contaminated with residual magic.
Smoke pours from your hands!
You now have 3/12 mp.
Okay, then.
Unknown command.
The fire ignites!
You now have 1/12 mp.
Aim: a kobold (inner flame)
The flame tongue misses the kobold.
Aim: a kobold (inner flame)
The flame tongue hits the kobold.
The kobold explodes!
The fiery explosion engulfs the hobgoblin.
You kill the hobgoblin!
You now have 0/12 mp.
You start resting.
Your magical contamination has completely faded away.
You regained 3 mp, and now have 3/12 mp.
You start resting.
MP restored: 12
Things that are here:
a club; a hobgoblin corpse You now have 102 gold pieces (gained 16).
g - 2 potions of heal wounds (gained 1)
A dart slug comes into view.
Aim: a dart slug (clinging)
The flame tongue hits the dart slug.
You kill the dart slug!
You now have 11/12 mp.
You can't see any susceptible monsters within range! (Use Z to cast anyway.) Unknown command.
o - a long glowing staff MP restored: 12 Mhoghedin's ghost (amateur Draconian Ice Elementalist) comes into view.
It is wielding a weapon of venom.
You don't know that spell.
The fire ignites!
Mhoghedin's ghost turns its malevolent gaze towards you.
You now have 9/12 mp.
A rat comes into view.
The fire ignites!
You now have 6/12 mp.
The fire ignites!
Mhoghedin's ghost whispers, "Everlasting silence awaits you..."
You now have 4/12 mp.
Mhoghedin's ghost is engulfed in blazing flames.
Mhoghedin's ghost is engulfed in blazing flames.
You closely miss mhoghedin's ghost.
Mhoghedin's ghost is engulfed in blazing flames.
Mhoghedin's ghost barely misses you.
Mhoghedin's ghost is engulfed in blazing flames.
Mhoghedin's ghost casts a spell at you.
You are frozen.
You take 7 damage, and have 17/24 hp.
MASSIVE DAMAGE!!
Unknown command.
Okay, then.
Unknown command.
Aim: mhoghedin's ghost, wielding a weapon of venom (flame, moderately damaged)
The flame tongue hits mhoghedin's ghost.
Mhoghedin's ghost resists.
Mhoghedin's ghost is engulfed in blazing flames.
Mhoghedin's ghost casts a spell at you. The puff of frost misses you.
You now have 3/12 mp.
Aim: mhoghedin's ghost, wielding a weapon of venom (flame, heavily damaged)
The flame tongue hits mhoghedin's ghost.
Mhoghedin's ghost appears unharmed.
Mhoghedin's ghost is engulfed in blazing flames.
Mhoghedin's ghost gestures at you while chanting.
You are frozen.
You take 7 damage, and have 10/24 hp.
MASSIVE DAMAGE!!
You now have 2/12 mp.
Unknown command.
Aim: mhoghedin's ghost, wielding a weapon of venom (flame, severely damaged)
The flame tongue misses mhoghedin's ghost.
Mhoghedin's ghost is engulfed in blazing flames.
Mhoghedin's ghost casts a spell at you. The puff of frost misses you.
You now have 1/12 mp.
Aim: mhoghedin's ghost, wielding a weapon of venom (flame, severely damaged)
The flame tongue hits mhoghedin's ghost.
Mhoghedin's ghost resists.
Mhoghedin's ghost is engulfed in blazing flames.
Mhoghedin's ghost casts a spell at you.
You are frozen.
* * * LOW HITPOINT WARNING * * *
You take 3 damage, and have 7/24 hp.
Aim: mhoghedin's ghost, wielding a weapon of venom (flame, almost destroyed)
The flame tongue misses mhoghedin's ghost.
The flame tongue misses the rat.
Mhoghedin's ghost gestures at you while chanting.
The puff of frost hits you!
You die...

#### ...# .#.#
#.#### #..# #.##.. #
##.## #.##.#######.#
.#..# #.##.#..@Wr..#
.#.##
#†##.#.#####.$....
...# #.#....)..#
####.
.#.######.#..#.##.#
..........#.......#
.....<......#####...
.#######.##.# #.. .#
#.##.# .
.#######.##.#


You could see mhoghedin's ghost and a rat.

Vanquished Creatures
  Terence (D:2)
  3 adders (D:2)
  An ooze (D:2)
  5 dart slugs
  3 giant cockroaches
  6 goblins
  9 hobgoblins
  7 kobolds
  A ball python (D:2)
  5 bats
  2 frilled lizards (D:1)
  9 rats
52 creatures vanquished.

Notes
Turn   | Place    | Note
-------+----------+-------------------------------------------
     0 | D:1      | mhoghedin the Deep Elf Fire Elementalist began the quest for the Orb.
     0 | D:1      | Reached XP level 1. HP: 10/10 MP: 6/6
   228 | D:1      | Reached XP level 2. HP: 15/15 MP: 6/8
   541 | D:1      | Learned a level 2 spell: Throw Flame
   783 | D:1      | Reached skill level 3 in Dodging
   785 | D:1      | Reached XP level 3. HP: 14/19 MP: 0/10
  1410 | D:2      | Reached skill level 2 in Conjurations
  1783 | D:2      | Learned a level 3 spell: Conjure Flame
  2255 | D:2      | Reached XP level 4. HP: 24/24 MP: 6/11
  2443 | D:2      | Found a blossoming altar of Fedhas.
  2583 | D:2      | Reached skill level 4 in Spellcasting
  2583 | D:2      | Reached skill level 4 in Fire Magic
  2642 | D:2      | Noticed Terence
  2650 | D:2      | Killed Terence
  2720 | D:2      | Learned a level 3 spell: Inner Flame
  3057 | D:3      | Noticed mhoghedin's ghost (amateur DrIE)
  3072 | D:3      | Killed from afar by mhoghedin's ghost

Vault maps used:
D:1:      dpeg_arrival_signposts, minmay_pentomino_z4
D:2:      serial_forest, infiniplex_forest_corner_2, infiniplex_forest_end_3,
          infiniplex_forest_lined_corner, infiniplex_forest_lined_2,
          infiniplex_forest_lined_4_way, infiniplex_forest_clump_long,
          infiniplex_forest_end_1, infiniplex_forest_side_room,
          infiniplex_forest_lined_room_2, fedhas_altar_4, uniq_terence
D:3:      minivault_27, minmay_distorted

Skill      XL: |  1  2  3  4 |
---------------+-------------+-----
Dodging        | 3 |  3.6
Conjurations   | 2 |  2.6
Spellcasting   | 4 |  4.2
Fire Magic     | 4 |  4.1
Stealth        | |  2.4
Hexes          | |  0.1

Action                   |  1- 3 |  4- 6 || total
-------------------------+-------+-------++-------
Melee: Club              |    27 |     1 ||    28
 Cast: Flame Tongue      |    56 |    20 ||    76
       Throw Flame       |    19 |     9 ||    28
       Conjure Flame     |       |     4 ||     4
       Inner Flame       |       |     2 ||     2
  Use: Scroll            |     1 |       ||     1
  Eat: Ration            |     1 |     1 ||     2
       Chunk             |       |     2 ||     2
Armor: Leather armour    |    22 |     1 ||    23
Dodge: Dodged            |    43 |     5 ||    48

Table legend:
 A = Spawn XP
 B = Non-spawn XP
 C = Spawn XP percentage of total XP
 D = Spawn monster count
 E = Non-spawn monster count
 F = Spawn count percentage of total count
 G = Total turns spent on level
                    A         B        C        D         E        F      G
               +---------+---------+-------+---------+---------+-------+---------
         Total |       0 |     170 |   0.0 |       0 |      52 |   0.0 |  3072
               +---------+---------+-------+---------+---------+-------+---------
           D:1 |       0 |      48 |   0.0 |       0 |      26 |   0.0 |  1377
           D:2 |       0 |     110 |   0.0 |       0 |      21 |   0.0 |  1384
           D:3 |       0 |      12 |   0.0 |       0 |       5 |   0.0 |   311
               +---------+---------+-------+---------+---------+-------+---------

Vault maps used:
D:1:      dpeg_arrival_signposts, minmay_pentomino_z4
D:2:      serial_forest, infiniplex_forest_corner_2, infiniplex_forest_end_3,
          infiniplex_forest_lined_corner, infiniplex_forest_lined_2,
          infiniplex_forest_lined_4_way, infiniplex_forest_clump_long,
          infiniplex_forest_end_1, infiniplex_forest_side_room,
          infiniplex_forest_lined_room_2, fedhas_altar_4, uniq_terence
D:3:      minivault_27, minmay_distorted

Table legend:
 A = Turns spent in this place as a percentage of turns spent in the entire game.
 B = Non-inter-level travel turns spent in this place as a percentage of non-inter-level travel turns spent in the entire game.
 C = Inter-level travel turns spent in this place as a percentage of turns spent in this place.
 D = Turns resting spent in this place as a percentage of non-inter-level travel turns spent in this place.
 E = Turns spent auto-exploring this place as a percentage of non-inter-level travel turns spent in this place.
 F = Non-inter-level travel turns spent in this place divided by the number of levels of this place that you've seen.
                   A       B       C       D       E      F
               +-------+-------+-------+-------+-------+----------------------
         Total | 100.0 | 100.0 |   1.9 |  35.9 |  51.6 | 1005.0
       Dungeon | 100.0 | 100.0 |   1.9 |  35.9 |  51.6 | 1005.0
               +-------+-------+-------+-------+-------+----------------------

Table legend:
 A = Kills in this place as a percentage of kills in entire the game.
 B = Kills by you in this place as a percentage of kills by you in the entire game.
 C = Kills by friends in this place as a percentage of kills by friends in the entire game.
 D = Other kills in this place as a percentage of other kills in the entire game.
 E = Experience gained in this place as a percentage of experience gained in the entire game.
 F = Experience gained in this place divided by the number of levels of this place that you have seen.
                   A       B       C       D       E      F
               +-------+-------+-------+-------+-------+----------------------
         Total | 100.0 | 100.0 |   N/A |   N/A | 100.0 |  56.7
       Dungeon | 100.0 | 100.0 |   N/A |   N/A | 100.0 |  56.7
               +-------+-------+-------+-------+-------+----------------------
